 Dungeon Crawl Stone Soup version 0.30.0-19-g36f170ea60 (webtiles) character file.

Game seed: 15466514131892077070

10 Nadlom the Scratcher (level 2, 14/14 HPs)
             Began as a Felid Fighter on June 1, 2023.
             Got out of the dungeon alive.
             The game lasted 00:01:07 (109 turns).

Nadlom the Scratcher (Felid Fighter)                 Turns: 109, Time: 00:01:08

Health: 14/14      AC:  1    Str: 12    XL:     2   Next: 10%
Magic:  3/3        EV: 18    Int:  9    God:
Gold:   13         SH:  0    Dex: 15    Spells: 1/1 levels left
                                        Lives:  0   Deaths: 0

rFire   . .          .
                       - Unarmed
rCold   . . .        (shield unavailable)
rNeg    . . .        (body armour unavailable)
rPois   .            (helmet unavailable)
rElec   .            (cloak unavailable)
rCorr   .            (gloves unavailable)
SInv    +            (boots unavailable)
Will    .....        (no amulet)
Stlth   +            (no ring)
HPRegen 0.22/turn    (no ring)
MPRegen 0.08/turn

%: no passive effects
@: quick
A: very small, claws 1, fangs 3, see invisible, speed 1, shaggy fur 1, stealthy
paws, no weapons or thrown items, no armour, multi-lived
a: no special abilities


You escaped.
You visited 1 branch of the dungeon, and saw 1 of its levels.

You collected 13 gold pieces.

Inventory:

Potions
 a - a potion of might


   Skills:
 + Level 3.1 Fighting
 + Level 4.1 Dodging
 + Level 4.3 Unarmed Combat


You had one spell level left.
You didn't know any spells.
Your spell library was empty.

Dungeon Overview and Level Annotations

Branches:
Dungeon (1/15)

Altars:


Innate Abilities, Weirdness & Mutations

You have sharp claws.
You have razor-sharp teeth.
You have supernaturally acute eyesight. (SInv)
You cover ground quickly. (Speed+)
You are covered in fur. (AC +1)
Your paws help you pounce on unaware monsters.
You are incapable of wielding weapons or throwing items.
You cannot wear armour.
You gain extra lives every three experience levels.


Message History

A rat comes into view.
A bat comes into view.
You see here 13 gold pieces.
Unknown command.
You scratch the frilled lizard but do no damage.
The frilled lizard barely misses you.
You miss the frilled lizard. The bat misses you.
You miss the frilled lizard. The bat hits you.
The frilled lizard completely misses you.
The bat closely misses you.
You closely miss the frilled lizard. The bat closely misses you.
The bat misses you.
The frilled lizard completely misses you.
The bat hits you but does no damage.
You claw the bat!
You kill the bat!
The rat completely misses you. The frilled lizard bites you.
* * * LOW HITPOINT WARNING * * *
You scratch the rat. Your bite misses the rat.
The rat is severely wounded.
The rat misses you. The frilled lizard misses you.
You scratch the rat.
You kill the rat!
The frilled lizard barely misses you.
You closely miss the frilled lizard. The frilled lizard bites you.
* * * LOW HITPOINT WARNING * * *
You scratch the frilled lizard.
You kill the frilled lizard!
You now have 13 gold pieces.
You start resting.
HP restored.
You see here a rat corpse.
There is a staircase leading out of the dungeon here.
There is a staircase leading out of the dungeon here.
There is a staircase leading out of the dungeon here.
Are you sure you want to leave the Dungeon?
This will make you lose the game! [Y]es or [N]o only, please.
Are you sure you want to leave the Dungeon?
This will make you lose the game!
Uppercase [Y]es or [N]o only, please.
Are you sure you want to leave the Dungeon?
This will make you lose the game!
You have escaped!

...........†.....#.#
...#...#######....#
#...##...##..#.# ##
#...#$###.#....# ..
#...#.+ #.#..###
.##.#..†#.###.#..#
.......††##...##..##
#.##.#..)##+####...####
#.#..........@.....#
#....................
....#..###...........#.
).#....# #####...#####
......## #...# #.###
#...# #. #...# ##.##


There were no monsters in sight!

Vanquished Creatures
  A dart slug (D:1)
  A goblin (D:1)
  A quokka (D:1)
  2 ball pythons (D:1)
  A bat (D:1)
  2 frilled lizards (D:1)
  A rat (D:1)
9 creatures vanquished.

Notes
Turn   | Place    | Note
-------+----------+-------------------------------------------
     0 | D:1      | Nadlom the Felid Fighter began the quest for the Orb.
     0 | D:1      | Reached XP level 1. HP: 10/10 MP: 2/2
    22 | D:1      | Reached XP level 2. HP: 5/14 MP: 3/3
   109 | D:$      | Got out of the dungeon alive.

Illustrated notes

Levels and vault maps discovered:
D:1:      minmay_arrival_stone_box, layout_loops_cross,
          shapermc_ecumenical_altar_acropolis, item_on_display_a

Action                     || total
---------------------------++-------
  Melee: Unarmed           ||    21
         Bite              ||     1
 Armour: Skin              ||     2
  Dodge: Dodged            ||    24
